 Dungeon Crawl Stone Soup version 0.28-a0-796-gd4f0d3f9b2 (webtiles) character file.

Game seed: 12337351514068982544

12 Decritt the Slasher (level 2, 26/27 HPs)
             Began as a Minotaur Monk on Nov 6, 2021.
             Quit the game on level 1 of the Dungeon.
             The game lasted 00:01:05 (221 turns).

Decritt the Slasher (Minotaur Monk)                  Turns: 221, Time: 00:01:05

Health: 26/27      AC:  2    Str: 15    XL:     2   Next: 20%
Magic:  1/1        EV: 13    Int:  7    God:
Gold:   11         SH:  0    Dex: 12    Spells: 1/1 levels left

rFire   . . .      SeeInvis .   a - +0 falchion
rCold   . . .      Faith    .   (no shield)
rNeg    . . .      Spirit   .   b - +0 robe
rPois   .          Reflect  .   (helmet restricted)
rElec   .          Harm     .   (no cloak)
rCorr   .          Rampage  .   (no gloves)
Will    .....                   (no boots)
Stlth   ++........              (no amulet)
HPRegen 0.09/turn               (no ring)
MPRegen 0.07/turn               (no ring)

@: no status effects
A: horns 2, retaliatory headbutt
a: no special abilities


You were on level 1 of the Dungeon.
You visited 1 branch of the dungeon, and saw 1 of its levels.

You collected 11 gold pieces.

Inventory:

Hand Weapons
 a - a +0 falchion (weapon)
Armour
 b - a +0 robe (worn)
Scrolls
 d - a scroll of teleportation {unknown}
 e - a scroll of amnesia {unknown}
Potions
 c - 2 potions of might {unknown}


   Skills:
 + Level 3.8 Fighting
 + Level 3.9 Long Blades
 + Level 3.5 Dodging
 + Level 1.8 Stealth


You had one spell level left.
You didn't know any spells.
Your spell library was empty.

Dungeon Overview and Level Annotations

Branches:
Dungeon (1/15)

Altars:


Innate Abilities, Weirdness & Mutations

You have a pair of horns on your head.
You reflexively headbutt those who attack you in melee.


Message History

You hit the jackal.
You kill the jackal!
The bat hits you but does no damage. The jackal closely misses you.
You furiously retaliate!
You headbutt the jackal.
You kill the jackal!
You have reached level 2!
You hit the bat.
The bat is heavily wounded.
The bat misses you. You furiously retaliate!
You headbutt the bat.
A bat is nearby!
You hit the bat.
You kill the bat!
No target in view!
No target in view!
A bat is nearby!
You see here a jackal corpse.
No target in view!
No target in view!
A bat is nearby!
Found 9 gold pieces.
A giant cockroach is nearby!
A giant cockroach is nearby!
Found a stone staircase leading down.
There are monsters nearby!
The giant cockroach closely misses you.
You hit the giant cockroach.
Your headbutt misses the giant cockroach.
The giant cockroach is severely wounded.
The giant cockroach closely misses you. The bat barely misses you.
You barely miss the giant cockroach.
Your headbutt misses the giant cockroach.
The giant cockroach is severely wounded.
The bat barely misses you. The giant cockroach bites you.
You hit the giant cockroach.
You kill the giant cockroach!
The bat misses you. You furiously retaliate!
You headbutt the bat!
You kill the bat!
No target in view!
No target in view!
Are you sure you want to abandon this character and quit the game? (Confirm with "yes".)

##....#.....#....#
#.##.#.##..#†#..#
#.##.#.#.....#..#
#.#......#.††...### .
#.####.#........!.#+#..
#.# #.########.......#
#.# ..# #........$..
#.# #### #.##†......#
#.# #...@......# ##.#
#..#.......# ...#
#..#.......# #### #.
+.......# ## #.......#
#...>...# #.......#
#.......#


There were no monsters in sight!

Vanquished Creatures
  2 bats (D:1)
  2 giant cockroaches (D:1)
  3 jackals (D:1)
  A kobold (D:1)
  A quokka (D:1)
9 creatures vanquished.

Notes
Turn   | Place    | Note
-------+----------+-------------------------------------------
     0 | D:1      | Decritt the Minotaur Monk began the quest for the Orb.
     0 | D:1      | Reached XP level 1. HP: 19/19 MP: 0/0
   199 | D:1      | Reached XP level 2. HP: 25/27 MP: 1/1
   221 | D:1      | Quit the game

Illustrated notes

Levels and vault maps discovered:
D:1:      amcnicky_arrival_wind_blow, layout_basic

Action                   || total
-------------------------++-------
Melee: Falchion          ||    16
Armor: Robe              ||     5
Dodge: Dodged            ||    18

Table legend: (Time is in decaauts)
 A = Elapsed time spent in this place.
 B = Non-inter-level travel time spent in this place.
 C = Inter-level travel time spent in this place.
 D = Time resting spent in this place.
 E = Time spent auto-exploring this place.
 F = Levels seen in this place.
 G = Mean time per level.
                   A        B        C        D        E       F      G
               +--------+--------+--------+--------+--------+-----+--------+
         Total |    222 |    222 |      0 |      0 |    175 |   1 |  222.0 |
       Dungeon |    222 |    222 |      0 |      0 |    175 |   1 |  222.0 |
               +--------+--------+--------+--------+--------+-----+--------+

Top non-repeatable levels by time:
     D:1: 222 daAuts
